 Dungeon Crawl Stone Soup version 0.30.0-12-gd5a94ecb5d (webtiles) character file.

Game seed: 6491023258990524269

118 Thargor the Magician (level 5, -10/38 HPs)
             Began as a Djinni Fire Elementalist on May 17, 2023.
             Blown up by Ijyb (20 damage)
             ... with a mindburst bolt
             ... on level 3 of the Dungeon.
             The game lasted 00:05:14 (2536 turns).

Thargor the Magician (Djinni Fire Elementalist)     Turns: 2536, Time: 00:05:15

Health: -10/38     AC:  3    Str:  7    XL:     5   Next: 23%
Gold:   65         EV: 13    Int: 18    God:
                   SH:  0    Dex: 14

rFire   + + .        (no weapon)
rCold   x . .        (no shield)
rNeg    . . .        a - +0 robe
rPois   ∞            g - +0 helmet
rElec   .            (no cloak)
rCorr   .            (no gloves)
SInv    .            (boots unavailable)
Will    .....        (no amulet)
Stlth   ++           (no ring)
HPRegen 0.26/turn    (no ring)
MPRegen 0.00/turn

%: infuse magic (-11 HP)
@: about to teleport, flying
A: sickness immunity, fire resistance 2, cold vulnerability 1, float, innate
caster, HP casting, extra vitality 1
a: no special abilities


You were on level 3 of the Dungeon.
You visited 1 branch of the dungeon, and saw 3 of its levels.

You collected 110 gold pieces.
You spent 45 gold pieces at shops.

Inventory:

Missiles
 c - 2 throwing nets
Armour
 a - a +0 robe (worn)
 g - a +0 helmet (worn)
Wands
 k - a wand of flame (24)
Scrolls
 j - a scroll of immolation {unknown}
Potions
 b - 3 potions of haste {unknown}
 d - 2 potions of might {unknown}
 e - a potion of brilliance {unknown}
 h - a potion of experience {unknown}


   Skills:
 + Level 1.7 Fighting
 + Level 1.6 Armour
 + Level 3.1 Dodging
 - Level 1.5 Stealth
 * Level 3.2 Spellcasting


You knew the following spells:

 Your Spells              Type           Power      Damage    Failure   Level
a - Foxfire               Conj/Fire      56%        2x1d6     4%          1
b - Scorch                Fire           28%        2d6       6%          2
c - Volatile Blastmotes   Fire/Tloc      28%        2d12      12%         3
d - Inner Flame           Hex/Fire       14%        N/A       12%         3
e - Flame Wave            Conj/Fire      14%        2d6       38%         4
f - Slow                  Hex            56%        N/A       4%          1
g - Wereblood             Tmut           14%        N/A       6%          2
Your spell library was empty.

Dungeon Overview and Level Annotations

Branches:
Dungeon (3/15)

Altars:

Shops:
D:1 [   D:2 *

Annotations:
D:3 Grinder, Ijyb


Innate Abilities, Weirdness & Mutations

You are immune to sickness and miasma.
You are immune to poison.
Your flesh is very heat resistant. (rF++)
You are vulnerable to cold. (rC-)
You float through the air rather than walking.
You learn spells naturally, not from books.
Your magical power is your life essence.
You have superior vitality. (+4 MHP)


Message History

You have reached level 5!
The power to cast Wereblood wells up from within.
Spell assigned to 'g'.
Found a pair of boots.
Your foxfire dissipates!
Your foxfire dissipates!
Found a war axe.
You see here a +0 pair of boots.
Ijyb the Twisted Goblin comes into view.
She is wielding a +0 club and carrying a wand of mindburst (8).
Found a grey potion.
Ijyb shouts!
Casting: Scorch (safe; 6% risk of failure)
Confirm with . or Enter, or press ? or * to list all spells.
You conjure some foxfire!
Casting: Foxfire (safe; 4% risk of failure)
Confirm with . or Enter, or press ? or * to list all spells.
Flames lash Ijyb.
Ijyb is lightly wounded.
Ijyb's fire resistance burns away.
The foxfire hits Ijyb but does no damage.
Ijyb is lightly wounded.
The foxfire hits Ijyb.
Ijyb is lightly wounded.
Ijyb zaps a wand.
Your mind is blasted!
* * * LOW HITPOINT WARNING * * *
A rat comes into view.
Casting: Scorch (safe; 6% risk of failure)
Confirm with . or Enter, or press ? or * to list all spells.
Flames lash Ijyb but do no damage.
* * * LOW HITPOINT WARNING * * *
Blink to where?
Press: ? - help, Dir - move target
As you read the scroll of blinking, it crumbles to dust.
As you read the scroll of teleportation, it crumbles to dust.
You feel strangely unstable.
Ijyb is no longer more vulnerable to fire.
Ijyb screams, "Get away!"
Ijyb zaps a wand.
Your mind is blasted!
Ouch! That really hurt!
You die...

#### ############# #...
............# #... ............#
#... ............###########
#...
........g....[.@......#######...
......)...............'.....'...
.r....................#######...
.!....................# #...
##########............# #...
#............# #...
#............# #...
#............# #...
#............# #...


You could see Ijyb.

Vanquished Creatures
  A sleepcap (D:3)
  2 adders (D:3)
  3 dart slugs
  7 ball pythons
  5 bats
  4 endoplasms
  2 giant cockroaches
  8 hobgoblins
  2 jackals (D:1)
  3 kobolds
  5 quokkas
  4 frilled lizards
  9 goblins
  9 rats
64 creatures vanquished.

Vanquished Creatures (others)
  221 foxfires
221 creatures vanquished.

Grand Total: 285 creatures vanquished

Notes
Turn   | Place    | Note
-------+----------+-------------------------------------------
     0 | D:1      | Thargor the Djinni Fire Elementalist began the quest for
                  | the Orb.
     0 | D:1      | Thargor set off with the following spells memorised:
                  | Foxfire, Scorch, Volatile Blastmotes, Inner Flame, Flame
                  | Wave.
     0 | D:1      | Reached XP level 1. HP: 15/15 MP: 0/0
   248 | D:1      | Reached XP level 2. HP: 21/22 MP: 0/0
   486 | D:1      | Reached XP level 3. HP: 23/26 MP: 0/0
   486 | D:1      | Learned a level 1 spell: Slow
   616 | D:1      | Reached skill level 1 in Fighting
   633 | D:1      | Found Layquatt's Armour Shop.
   637 | D:1      | Bought a +0 helmet for 45 gold pieces
   747 | D:1      | Reached skill level 1 in Armour
  1317 | D:2      | Reached XP level 4. HP: 16/32 MP: 0/0
  1556 | D:2      | Found Ycuuze Vugo's Assorted Antiques.
  2378 | D:3      | Noticed Grinder
  2516 | D:3      | Reached XP level 5. HP: 18/38 MP: 0/0
  2516 | D:3      | Learned a level 2 spell: Wereblood
  2528 | D:3      | Noticed Ijyb
  2536 | D:3      | Blown up by Ijyb

Illustrated notes

Levels and vault maps discovered:
D:1:      sevenhm_arrival_forest_fort_small_4, layout_loops_ring, serial_shops,
          shop, st_stairs_12
D:2:      layout_basic, serial_shops, nicolae_shop_behind_doors, fountainhead
D:3:      layout_basic, mainiacjoe_overflow_surrounded_room,
          portal_sewer_entry_b, chequers_avenue, uniq_grinder, uniq_ijyb

Skill      XL: |  1  2  3  4 |
---------------+-------------+-----
Fighting       | 1 |  1.7
Armour         | 1 |  1.6
Spellcasting   | 3 |  3.2
Dodging        | 3 |  3.1
Stealth        | |  1.5

Action                     |  1- 3 |  4- 6 || total
---------------------------+-------+-------++-------
  Melee: Unarmed           |     4 |     1 ||     5
   Cast: Foxfire           |    86 |    52 ||   138
         Scorch            |    15 |    15 ||    30
    Use: Scroll            |       |     4 ||     4
 Armour: Robe              |     4 |     2 ||     6
  Dodge: Dodged            |    12 |     6 ||    18
